[Event "Chinggis Invitational IV 2018"]
[Site "Ulaanbaatar"]
[Date "2018.08.10"]
[Round "3"]
[White "Izoria, Zviad"]
[Black "Bilguun, Sumiya"]
[Result "1/2-1/2"]
[WhiteElo "2606"]
[BlackElo "2479"]
[Annotator "NA RC"]
[PlyCount "13"]
[EventDate "2018.08.08"]
[EventType "tourn"]
[EventCountry "MGL"]
[SourceTitle "playchess.com"]
[Source "ChessBase"]
[SourceQuality "1"]
[TimeControl "40/5400+30:1800+30"]

1. e4 c5 2. Nf3 e6 {[%emt 1:31:00] d4cxd4Nxd4a6Nc3Qc7a3Nf6 [%clk 1:30:15]} 3. g4 h6 4. h3 Nc6 {[%emt 0:00:00] Be3 [%clk 1:10:26] b5 [%clk 1:19:35] Nxc6 [%clk 1:02:59] dxc6 [%clk 1:19:38] f4 [%clk 0:58:20] Bb7 [%clk 1:19:18]} 5. e5 {[%emt 0:24:39] c5 [%clk 1:00:10] Rh2 [%clk 0:46:15] Nd5 [%clk 0:58:54] Nxd5 [%clk 0:46:22] Bxd5 [%clk 0:59:09]} (5. d4 $11) 5... c4 {[%emt 0:00:00] Bc6 [%clk 0:56:08] Qc2 [%clk 0:29:56]} (5... Qc7 $17 6. Qe2 h5) 6. b4 $2 {[%emt 0:00:00] Bg2 [%clk 0:29:22]} (6. Bxc4 $14 {stays ahead.} d5 7. exd6) 6... Be7 {[%emt 0:00:00] Bxc6+ [%clk 0:23:21] Qxc6 [%clk 0:50:48] Qg2 [%clk 0:23:33] Qc8 [%clk 0:47:51] Qe4 [%clk 0:23:44] O-O [%clk 0:46:06] Rd2 [%clk 0:19:44] Rb8 [%clk 0:35:37]} ({Much weaker is} 6... Bxb4 $6 7. c3 $11) ({But not} 6... Nxb4 $6 7. Bxc4 d5 8. Be2 $11) ({Better is} 6... b5 $17 7. a3 Bb7) 7. Ke2 $19 {[%emt 0:31:37] bxa3 [%clk 0:34:03] Rxa3 [%clk 0:14:47] Rd8 [%clk 0:34:11] Rxd8+ [%clk 0:14:13] Qxd8 [%clk 0:32:16] Bc1 [%clk 0:14:29] Qd7 [%clk 0:30:44] Rd3 [%clk 0:11:15] Qa4 [%clk 0:30:55] Ra3 [%clk 0:11:18] Qd7 [%clk 0:31:20] Rd3 [%clk 0:10:52] Qa4 [%clk 0:31:44] Ra3 [%clk 0:10:33]} (7. Bxc4 $11 {and White stays safe.} Bxb4 8. Ba3) 1/2-1/2

[Event "Chinggis Invitational IV 2018"]
[Site "Ulaanbaatar"]
[Date "2018.08.11"]
[Round "4"]
[White "Bilguun, Sumiya"]
[Black "Shomoev, Anton"]
[Result "1/2-1/2"]
[ECO "B33"]
[WhiteElo "2479"]
[BlackElo "2552"]
[Annotator "ChessBase"]
[PlyCount "68"]
[EventDate "2018.08.08"]
[EventType "tourn"]
[EventCountry "MGL"]
[SourceTitle "playchess.com"]
[Source "ChessBase"]
[SourceQuality "1"]
[TimeControl "40/5400+30:1800+30"]

1. e4 c5 2. Nf3 Nc6 3. d4 cxd4 4. Nxd4 Nf6 5. Nc3 e5 6. Ndb5 d6 7. Bg5 a6 8. Na3 b5 9. Nd5 Be7 10. Bxf6 Bxf6 11. c4 Nd4 12. cxb5 Bb7 13. Nc3 O-O 14. Bd3 axb5 15. Naxb5 d5 16. Nxd4 dxe4 17. Nxe4 Qxd4 18. Nxf6+ gxf6 19. Bf5 Qf4 20. Qg4+ Qxg4 21. Bxg4 Rfb8 22. b3 Ra3 23. Bd7 Rd8 24. Ba4 f5 25. f3 Ba6 26. g3 e4 27. fxe4 fxe4 28. Kf2 Rd2+ 29. Ke3 Raxa2 30. Rxa2 Rxa2 31. Re1 Bd3 32. Bc6 Rb2 33. Bxe4 Bxe4 34. Kxe4 Rxb3 1/2-1/2

[Event "Chinggis Invitational IV 2018"]
[Site "Ulaanbaatar"]
[Date "2018.08.15"]
[Round "8"]
[White "Lkhagvasuren, Tsedvee"]
[Black "Batchuluun, Tsegmed"]
[Result "1-0"]
[ECO "D00"]
[WhiteElo "2280"]
[BlackElo "2571"]
[Annotator "ChessBase"]
[PlyCount "107"]
[EventDate "2018.08.08"]
[EventType "tourn"]
[EventCountry "MGL"]
[SourceTitle "playchess.com"]
[Source "ChessBase"]
[SourceQuality "1"]
[TimeControl "40/5400+30:1800+30"]

1. d4 d5 2. Bf4 Nf6 3. e3 c5 4. c3 Nc6 5. Bd3 Qb6 6. b3 Bg4 7. Nf3 e6 8. O-O Be7 9. Qe2 O-O 10. h3 Bh5 11. Nbd2 cxd4 12. exd4 Rac8 13. a4 Qd8 14. Qe3 Bg6 15. Bb5 a6 16. Be2 Bd6 17. Ne5 Nxe5 18. dxe5 Bc5 19. Qg3 Nh5 20. Bxh5 Bxh5 21. Be3 Qb6 22. Bxc5 Qxc5 23. Rac1 a5 24. c4 Qd4 25. Qc3 Qxc3 26. Rxc3 d4 27. Rcc1 Be2 28. Rfe1 d3 29. b4 axb4 30. Rb1 Rc5 31. Rxb4 Rxe5 32. Rxb7 Ra5 33. Ra1 Rfa8 34. f3 Kf8 35. Rb4 Ke7 36. Kf2 e5 37. Nb3 R5a7 38. a5 f5 39. Rb6 e4 40. fxe4 fxe4 41. a6 Bh5 42. Ke3 Kd7 43. Nc5+ Kc7 44. Re6 Bf7 45. Rxe4 Kb6 46. Nxd3 Bg8 47. c5+ Kc6 48. Ra5 Kd7 49. Nb4 Bf7 50. Rb5 Bg6 51. c6+ Kd6 52. Rd4+ Ke6 53. Rb7 Be8 54. Re4+ {[%emt 0:00:18] Kd5 [%clk 0:00:00]} 1-0